 Dungeon Crawl Stone Soup version 0.27.0-1-g7a089689b8 (webtiles) character file.

Game seed: 5653594720801696102

2 Verendum the Shield-Bearer (level 1, 0/16 HPs)
             Began as an Octopode Fighter on Aug 5, 2021.
             Slain by a goblin (4 damage)
             ... on level 1 of the Dungeon.
             The game lasted 00:00:20 (72 turns).

Verendum the Shield-Bearer (Octopode Fighter)         Turns: 72, Time: 00:00:21

Health: 0/16       AC:  1    Str: 15    XL:     1   Next: 40%
Magic:  1/1        EV: 11    Int: 10    God:
Gold:   21         SH:  8    Dex: 11    Spells: 0/0 levels left

rFire    . . .     SeeInvis .   a - +0 flail
rCold    . . .     Faith    .   b - +0 kite shield
rNeg     . . .     Spirit   .   (helmet restricted)
rPois    .         Reflect  .   (no amulet)
rElec    .         Harm     .   (no ring)
rCorr    .         Rampage  .   (no ring)
Will     .....                  (no ring)
Stlth    ++........             (no ring)
HPRegen  0.05/turn              (no ring)
MPRegen  0.07/turn              (no ring)
                                (no ring)
                                (no ring)

@: no status effects
A: almost no armour, amphibious, 8 rings, camouflage 1, gelatinous body 1,
(nimble swimmer 1), tentacles
a: no special abilities


You were on level 1 of the Dungeon.
You visited 1 branch of the dungeon, and saw 1 of its levels.

You collected 21 gold pieces.

Inventory:

Hand Weapons
 a - a +0 flail (weapon)
Armour
 b - a +0 kite shield (worn)
Scrolls
 d - a scroll of identify {unknown}
 e - a scroll of fear {unknown}
Potions
 c - a potion of might


   Skills:
 + Level 3.0 Fighting
 * Level 2.1 Maces & Flails
 + Level 3.0 Dodging
 + Level 3.0 Shields


You couldn't memorise any spells.
You didn't know any spells.
Your spell library was empty.

Dungeon Overview and Level Annotations

Branches:
Dungeon (1/15)

Altars:


Innate Abilities, Weirdness & Mutations

You cannot wear most types of armour.
You are amphibious.
You can wear up to eight rings at the same time.
Your skin changes colour to match your surroundings (Stealth+).
Your rubbery body absorbs attacks. (AC +1, EV +1)
((You are camouflaged near water. (Stealth+)))
You have tentacles for arms and can constrict up to eight enemies at once.


Message History

There are monsters nearby!
There are monsters nearby!
There are monsters nearby!
There are monsters nearby!
There are monsters nearby!
You barely miss the endoplasm. Your squeeze misses the endoplasm.
The endoplasm freezes you.
You are frozen.
The endoplasm barely misses you.
Your shield prevents you from hitting the endoplasm.
You squeeze the endoplasm.
The endoplasm is moderately wounded.
You block the rat's attack.
The endoplasm hits you but does no damage.
You hit the endoplasm but do no damage.
The endoplasm is moderately wounded.
The rat barely misses you. The endoplasm freezes you.
You are frozen.
The rat closely misses you. You block the endoplasm's attack.
You hit the endoplasm.
The endoplasm is heavily wounded.
You block the rat's attack. The endoplasm freezes you.
You are frozen.
You sock the endoplasm!
You kill the endoplasm!
You block the rat's attack. The rat misses you.
You closely miss the rat. You grab the rat. You squeeze the rat.
You kill the rat!
An endoplasm comes into view.
An endoplasm is nearby!
A goblin comes into view. It is wielding a +2 dagger of venom.
The goblin shouts!
The endoplasm quivers.
The endoplasm freezes you.
You are frozen.
* * * LOW HITPOINT WARNING * * *
You sock the endoplasm!
You kill the endoplasm!
The goblin hits you with a +2 dagger of venom.
You die...

.......##..♣PP..PP..♣
###.##.##..♣♣♣♣♣♣♣♣♣...
#.##.##....... ...
#.##.##...... .....
#.##.##.#.#.#####.##.#
#.##.##...............
#.##.##..............#
#.##.##............#
#.##.....#####@....#
#.##.....# #g....#
###.###....### #.....#
#............# #.....#
#.♣#♣#♣#♣.♣#.# #######
#.#.......#..# #
♣.......♣.##
#.......(.# ♣.......♣##


You could see a goblin.

Vanquished Creatures
  2 endoplasms (D:1)
  A kobold (D:1)
  A rat (D:1)
4 creatures vanquished.

Notes
Turn   | Place    | Note
-------+----------+-------------------------------------------
     0 | D:1      | Verendum the Octopode Fighter began the quest for the Orb.
     0 | D:1      | Reached XP level 1. HP: 16/16 MP: 1/1
    72 | D:1      | Slain by a goblin

Illustrated notes

Levels and vault maps discovered:
D:1:      scummos_arrival_checkerplants, layout_basic,
          shapermc_ecumenical_altar_notcrosses, serial_shops, shop,
          serial_forest, infiniplex_forest_straight_5,
          infiniplex_forest_corner_2, infiniplex_forest_straight_4,
          infiniplex_forest_lined_room_3, infiniplex_forest_end_2,
          infiniplex_forest_clump_diagonal

Action                   || total
-------------------------++-------
Melee: Flail             ||     8
       Tentacles         ||     2
       Constrict         ||     1
Armor: Skin              ||     1
Dodge: Dodged            ||     5
Block: Kite shield       ||     4
